AoeStats
← Micropartícula

Arabia

508991871Analyzed
1v1 RM · 8d ago on Sep 25, 2026· 41m 1s· 2 players
Game mode
Random Map
Map size
Tiny (2 player)
Population
200
Speed
Normal
Resources
Standard
Victory
Conquest
Starting age
Dark Age
Ending age
Imperial Age
RankedLock teamsTeams togetherTeam positionsShared explorationLock speedFull tech treeHidden civsTurbo modeCheats
Victory
Defeat
🇨🇱 Magyars · Chile
1152
+18
🇺🇸 Saxons · United States
1187
-18
Micropartícula
3:22 Loom
10:14 Feudal Age
10:45 Double-Bit Axe
17:30 Horse Collar
19:08 Wheelbarrow
21:16 Castle Age
19:44 Gold Mining
20:53 Bloodlines
20:55 Scale Barding Armor
24:03 Town Watch
28:05 Chain Barding Armor
28:56 Husbandry
35:26 Imperial Age
36:11 Cavalier
38:38 Heavy Plow
39:33 Plate Barding Armor
drloving3
5:00 Loom
11:28 Feudal Age
12:56 Double-Bit Axe
20:42 Castle Age
19:58 Stone Mining
20:22 Fletching
22:07 Bow Saw
21:41 Horse Collar
22:07 Bodkin Arrow
26:58 Crossbowman
34:25 Imperial Age
33:33 Gold Mining
35:16 Ballistics
35:30 Bracer
35:28 Arbalester
36:58 Ballistics
Connection lost

Rejoining the realm…

Still unreachable

The connection could not be restored.

Session expired

The server has moved on; the page needs a fresh start.